 Dungeon Crawl Stone Soup version 0.29-a0-834-g1e95ca9f62 (webtiles) character file.

Game seed: 8299941365348093761

1127 coolguy69 the Cutter (level 8, -1/42 HPs)
             Began as a Vine Stalker Berserker on July 12, 2022.
             Was a Priest of Trog.
             Succumbed to a gnoll sergeant's poison
             ... on level 7 of the Dungeon.
             The game lasted 00:05:14 (5762 turns).

coolguy69 the Cutter (Vine Stalker Berserker)       Turns: 5762, Time: 00:05:14

Health: -1/42      AC: 14    Str: 22    XL:     8   Next: 35%
Magic:  6/9        EV:  9    Int:  7    God:    Trog [***...]
Gold:   253        SH:  0    Dex: 14    Spells: 7/7 levels left

rFire   . . .      SeeInvis +   t - +4 dagger (speed)
rCold   . . .      Faith    .   (no shield)
rNeg    . . .      Spirit   +   r - +0 chain mail
rPois   .          Reflect  .   (no helmet)
rElec   .          Harm     .   q - +2 cloak
rCorr   .          Rampage  .   d - +0 pair of gloves
Will    +....                   (no boots)
Stlth   ..........              (no amulet)
HPRegen 0.94/turn               (no ring)
MPRegen 0.11/turn               (no ring)

@: lethally poisoned (-1 -> -10), hasted, very quick
A: fangs 3, regeneration 1, magic shield, antimagic bite, no potion heal 2, see
invisible
a: Renounce Religion, Berserk, Trog's Hand


You were on level 7 of the Dungeon.
You worshipped Trog.
Trog was most pleased with you.
You visited 1 branch of the dungeon, and saw 7 of its levels.

You collected 253 gold pieces.

Inventory:

Hand Weapons
 h - a +1 short sword of freezing
 t - a +4 dagger of speed (weapon)
Armour
 d - a +0 pair of gloves (worn)
 q - a +2 cloak (worn)
 r - a +0 chain mail (worn)
Jewellery
 y - a ring of positive energy
Scrolls
 b - 3 scrolls of amnesia
 c - a scroll of enchant armour
 f - 6 scrolls of teleportation
 j - 3 scrolls of immolation
 l - a scroll of summoning
 n - a scroll of poison {unknown}
 o - 2 scrolls of magic mapping
 p - a scroll of noise
 s - a scroll of enchant weapon {unknown}
 u - 3 scrolls of identify
 x - a scroll of vulnerability {unknown}
Potions
 a - 2 potions of brilliance {unknown}
 e - a potion of cancellation
 g - 3 potions of haste
 i - 4 potions of heal wounds
 k - 3 potions of invisibility
 m - 3 potions of flight {unknown}
 v - a potion of might {unknown}
 w - a potion of curing {unknown}


   Skills:
 + Level 4.2 Fighting
 + Level 6.5 Short Blades
 + Level 4.4 Armour
 + Level 2.6 Dodging
 + Level 2.0 Stealth


You had 7 spell levels left.
You didn't know any spells.
Your spell library was empty.

Dungeon Overview and Level Annotations

Branches:
Dungeon (7/15)             Temple (0/1) D:6

Altars:
Elyvilon
Hepliaklqana
Qazlal
Sif Muna
Uskayaw


Innate Abilities, Weirdness & Mutations

You have razor-sharp teeth.
Your natural rate of healing is unusually fast.
When hurt, damage is shared between your health and your magic reserves.
Your bite disrupts and absorbs the magic of your enemies.
Potions cannot restore your health.
You have supernaturally acute eyesight. (SInv)


Message History

The gnoll hits you with a +0 halberd. The gnoll hits you but does no damage.
The gnoll attacks as you move away! The gnoll hits you with a +0 whip.
The gnoll attacks as you move away! The gnoll hits you but does no damage.
You feel sick. The gnoll closely misses you.
The gnoll sergeant hits you with a +0 spear of venom.
You are more poisoned.
The gnoll hits you but does no damage. x2
You hit the gnoll sergeant but do no damage.
Your bite misses the gnoll sergeant.
You feel sick.
You closely miss the gnoll sergeant. Your bite misses the gnoll sergeant.
You feel sick. The gnoll hits you with a +0 spear.
The gnoll sergeant hits you with a +0 spear of venom.
You are more poisoned.
The gnoll hits you from afar with a +0 halberd.
The gnoll hits you with a +0 whip. The gnoll completely misses you.
You hit the gnoll sergeant but do no damage.
Your bite misses the gnoll sergeant.
You feel sick.
As you read the scroll of teleportation, it crumbles to dust.
You feel strangely unstable.
* * * LOW HITPOINT WARNING * * *
You feel very sick.
The gnoll sergeant hits you but does no damage.
The gnoll hits you but does no damage. x4
Unknown command.
* * * LOW HITPOINT WARNING * * *
You feel very sick.
The gnoll sergeant hits you but does no damage.
You are lethally poisoned!
The gnoll hits you from afar with a +0 spear.
* * * LOW HITPOINT WARNING * * *
The gnoll barely misses you.
It was a potion of heal wounds.
That seemed strangely inert.
* * * LOW HITPOINT WARNING * * *
You feel very sick. The gnoll hits you but does no damage.
The gnoll closely misses you. The gnoll hits you but does no damage.
The gnoll sergeant closely misses you. The gnoll hits you but does no damage.
It was a potion of haste.
You feel yourself speed up.
Your surroundings seem slightly different.
You die...

#g#g.............
#..gg......>..#..
#.g§g.........#..
#####.........>..)#..
.............<..))..
#........###########
#..........
#........###
#..@.....# #.......##
#.......# ####.......
....... #......
...... ......


You could see 4 gnolls.

Vanquished Creatures
  A black bear (D:3)
  A sky beast (D:7)
  An ogre (D:5)
  A centaur (D:6)
  A necrophage (D:4)
  An electric eel (D:6)
  A gnoll bouda (D:4)
  3 orc priests
  A hound (D:6)
  Natasha (thrice) (D:4)
  3 iguanas (D:4)
  4 orc wizards
  A mummy (D:5)
  9 gnolls
  7 adders
  An ufetubus (D:5)
  A worm (D:2)
  2 dart slugs
  18 orcs
  4 ball pythons
  9 endoplasms
  2 giant cockroaches (D:1)
  6 goblins
  6 hobgoblins
  3 jackals (D:3)
  4 kobolds
  A quokka (D:2)
  3 bats
  5 frilled lizards
  3 kobold zombies (D:5)
  An orc zombie (D:5)
  6 rats
113 creatures vanquished.

Vanquished Creatures (others)
  11 fungi (D:4)
11 creatures vanquished.

Grand Total: 124 creatures vanquished

Notes
Turn   | Place    | Note
-------+----------+-------------------------------------------
     0 | D:1      | coolguy69 the Vine Stalker Berserker began the quest for
                  | the Orb.
     0 | D:1      | Reached XP level 1. HP: 11/11 MP: 2/2
   251 | D:1      | Reached skill level 3 in Short Blades
   256 | D:1      | Reached XP level 2. HP: 11/16 MP: 3/3
   970 | D:2      | Reached XP level 3. HP: 19/19 MP: 2/4
  1136 | D:2      | Reached ** piety under Trog
  1705 | D:2      | Found a faded altar of an unknown god.
  1948 | D:2      | Identified the +10 sling of Grontol {vorpal, Int+2}
  2546 | D:3      | Gained mutation: Your natural rate of healing is unusually
                  | fast. [Vine Stalker growth]
  2546 | D:3      | Reached XP level 4. HP: 20/24 MP: 3/5
  2600 | D:3      | Found a shimmering blue altar of Sif Muna.
  3067 | D:3      | Reached skill level 4 in Short Blades
  3067 | D:3      | Reached XP level 5. HP: 23/28 MP: 6/6
  3123 | D:3      | Noticed a black bear
  3133 | D:3      | Gained mutation: You have supernaturally acute eyesight.
                  | (SInv) [potion of mutation]
  3144 | D:3      | Killed a black bear
  3145 | D:3      | Reached skill level 1 in Stealth
  3145 | D:3      | Reached XP level 6. HP: 27/32 MP: 5/7
  3531 | D:4      | Found a hide-covered altar of Uskayaw.
  3580 | D:4      | Reached skill level 5 in Short Blades
  3811 | D:4      | Found a stormy altar of Qazlal.
  3811 | D:4      | Found a hazy altar of Hepliaklqana.
  3947 | D:4      | Noticed Natasha
  3953 | D:4      | Killed Natasha
  4024 | D:4      | Noticed Natasha
  4050 | D:4      | Reached XP level 7. HP: 26/37 MP: 8/8
  4058 | D:4      | Killed Natasha
  4141 | D:4      | Reached *** piety under Trog
  4378 | D:4      | Noticed Natasha
  4390 | D:4      | Killed Natasha
  4463 | D:5      | Entered Level 5 of the Dungeon
  4636 | D:5      | Reached skill level 6 in Short Blades
  4846 | D:5      | Gained mutation: You have razor-sharp teeth. [Vine Stalker
                  | growth]
  4846 | D:5      | Reached XP level 8. HP: 42/42 MP: 9/9
  4934 | D:5      | Found a white marble altar of Elyvilon.
  5128 | D:6      | Found a staircase to the Ecumenical Temple.
  5619 | D:6      | Found Dyamo's Distillery.
  5761 | D:7      | HP: 2/42 [poisoned by a gnoll sergeant]
  5762 | D:7      | Succumbed to a gnoll sergeant's poison

Illustrated notes

Levels and vault maps discovered:
D:1:      tarquinn_simple_flora_water_d, layout_rooms
D:2:      layout_basic, chequers_ecumenical_altar_grove,
          kennysheep_another_room, minmay_fractal_squares_5
D:3:      layout_loops_cross, nicolae_sif_muna_little_library,
          serial_bayou_pond_d
D:4:      layout_loops_corners, nicolae_uskayaw_dance_hall,
          gammafunk_temple_overflow_elements, serial_aquarium,
          aquarium_bridge_long_joined [aquarium_subvault_window,
          aquarium_subvault_wall, aquarium_subvault_wall,
          aquarium_subvault_wall, aquarium_subvault_bridge,
          aquarium_subvault_window], aquarium_window_1, aquarium_window_corner,
          aquarium_window_1, aquarium_window_1, aquarium_view_2g,
          aquarium_view_2b, solitary_fountain, uniq_natasha
D:5:      layout_rooms, general_overflow_altar, minmay_mini_ossuary
D:6:      layout_basic, minmay_temple_entry_glassed_door, serial_shops,
          nicolae_lakefront_shop, nrook_mini_backslash,
          kennysheep_big_empty_room, kennysheep_doodads
D:7:      layout_basic, hellmonk_bongcloud_opening, uniq_menkaure

Skill      XL: |  1  2  3  4  5  6  7 |
---------------+----------------------+-----
Short Blades   | 3 4 5 6 |  6.5
Fighting       | 3 4 |  4.2
Dodging        | 2 |  2.6
Armour         | 2 3 4 |  4.4
Stealth        | 1 2 |  2.0

Action                   |  1- 3 |  4- 6 |  7- 9 || total
-------------------------+-------+-------+-------++-------
Melee: Short sword       |   106 |   166 |    57 ||   329
       Bite              |    22 |    52 |    56 ||   130
       Punch             |     2 |     3 |     1 ||     6
       Dagger            |       |       |   113 ||   113
  Use: Potion            |       |     2 |     2 ||     4
       Scroll            |       |     8 |     1 ||     9
 Stab: Sleeping          |     1 |       |       ||     1
       Invisible         |       |     5 |       ||     5
Armor: Animal skin       |     6 |       |       ||     6
       Scale mail        |    19 |       |       ||    19
       Chain mail        |     3 |   104 |    67 ||   174
Dodge: Dodged            |    54 |    67 |    62 ||   183

Table legend: (Time is in decaauts)
 A = Elapsed time spent in this place.
 B = Non-inter-level travel time spent in this place.
 C = Inter-level travel time spent in this place.
 D = Time resting spent in this place.
 E = Time spent auto-exploring this place.
 F = Levels seen in this place.
 G = Mean time per level.
                   A        B        C        D        E       F      G
               +--------+--------+--------+--------+--------+-----+--------+
         Total |   5662 |   5312 |    350 |    335 |   4173 |   7 |  808.9 |
       Dungeon |   5662 |   5312 |    350 |    335 |   4173 |   7 |  808.9 |
               +--------+--------+--------+--------+--------+-----+--------+

Top non-repeatable levels by time:
     D:2: 1564 daAuts
     D:4: 1162 daAuts
     D:1: 961 daAuts
     D:3: 723 daAuts
     D:6: 650 daAuts
     D:5: 547 daAuts
     D:7: 53 daAuts
